 Dungeon Crawl Stone Soup version 0.29-a0-410-g9596d59a08 (webtiles) character file.

Game seed: 3446083444443933048

115 Ge0ff the Skirmisher (level 5, -2/33 HPs)
             Began as a Gargoyle Monk on May 14, 2022.
             Was a Believer of Trog.
             Slain by an orc
             ... wielding a +0 war axe
              (6 damage)
             ... on level 4 of the Dungeon.
             The game lasted 00:03:22 (1733 turns).

Ge0ff the Skirmisher (Gargoyle Monk)                Turns: 1733, Time: 00:03:22

Health: -2/33      AC: 19    Str: 17    XL:     5   Next: 0%
Magic:  5/5        EV:  5    Int: 10    God:    Trog [**....]
Gold:   48         SH:  0    Dex: 12    Spells: 4/4 levels left

rFire   . . .      SeeInvis .   s - +0 hand axe (elec)
rCold   + . .      Faith    .   (no shield)
rNeg    + . .      Spirit   .   w - +1 plate armour
rPois   ∞          Reflect  .   t - +0 helmet
rElec   +          Harm     .   u - +2 cloak
rCorr   .          Rampage  .   (no gloves)
Will    .....                   (no boots)
Stlth   ..........              (no amulet)
HPRegen 0.11/turn               V - ring of protection from cold
MPRegen 0.09/turn               (no ring)

@: no status effects
A: sickness immunity, AC +4, negative energy resistance 1, electricity
resistance, torment resistance 1, petrification resistance
a: Renounce Religion, Berserk, Trog's Hand


You were on level 4 of the Dungeon.
You worshipped Trog.
Trog was pleased with you.
You visited 1 branch of the dungeon, and saw 4 of its levels.

You collected 48 gold pieces.

Inventory:

Hand Weapons
 a - a +0 mace
 s - a +0 hand axe of electrocution (weapon)
 y - a +0 mace of protection
Missiles
 U - a boomerang (quivered)
Armour
 t - a +0 helmet (worn)
 u - a +2 cloak (worn)
 w - a +1 plate armour (worn)
Jewellery
 V - a ring of protection from cold (left hand)
Scrolls
 p - 2 scrolls of enchant armour
 T - a scroll of teleportation
Potions
 o - a potion of ambrosia
 q - a potion of brilliance {unknown}
 x - 3 potions of curing {unknown}
 A - a potion of might {unknown}
 B - a potion of haste {unknown}


   Skills:
 - Level 4.0 Fighting
 * Level 2.6(3.4) Axes
 - Level 3.7(4.2) Maces & Flails
 - Level 1.0 Armour
 - Level 2.4 Dodging
 - Level 2.1 Stealth


You had 4 spell levels left.
You didn't know any spells.
Your spell library was empty.

Dungeon Overview and Level Annotations

Branches:
Dungeon (4/15)
 Temple: D:4-7

Altars:
Trog


Innate Abilities, Weirdness & Mutations

You are immune to sickness and miasma.
Your stone body is resilient. (AC +4)
You are immune to poison.
You resist negative energy. (rN+)
You are resistant to electric shocks. (rElec)
You are resistant to unholy torment.
You are immune to petrification.


Message History

The adder bites you but does no damage.
An adder comes into view.
The orc barely misses you. The orc hits you but does no damage.
The adder attacks as you move away! The adder bites you but does no damage.
The kobold attacks as you move away!
The kobold hits you with a +0 short sword.
The adder hisses angrily.
The orc attacks as you move away! The orc hits you with a +0 war axe.
The kobold attacks as you move away! The kobold hits you but does no damage.
The endoplasm freezes you.
You are frozen.
You resist.
The adder barely misses you. x2; The kobold hits you but does no damage.
The orc hits you but does no damage.
The endoplasm hits you but does no damage.
The adder bites you but does no damage. The adder bites you.
The endoplasm hits you but does no damage.
The kobold hits you but does no damage. The orc hits you but does no damage. x2
The adder bites you but does no damage. x2
The endoplasm hits you but does no damage.
The kobold hits you but does no damage. The orc hits you but does no damage. x2
The adder bites you but does no damage. x3
The kobold hits you but does no damage. The orc hits you but does no damage.
The endoplasm hits you but does no damage.
The orc hits you but does no damage. The adder bites you.
The adder completely misses you. The adder barely misses you.
The orc hits you but does no damage. The kobold barely misses you.
The orc hits you but does no damage. The endoplasm freezes you.
You are frozen.
You resist. The adder bites you. The adder barely misses you.
The kobold hits you but does no damage. The orc hits you with a +0 war axe.
* * * LOW HITPOINT WARNING * * *
The endoplasm freezes you.
You are frozen.
You resist. The orc hits you with a +0 hand axe.
* * * LOW HITPOINT WARNING * * *
The adder bites you but does no damage. x2
The kobold hits you but does no damage. The orc hits you but does no damage. x2
The endoplasm freezes you.
You are frozen.
You resist.
* * * LOW HITPOINT WARNING * * *
The adder bites you but does no damage. x4; The endoplasm hits you.
* * * LOW HITPOINT WARNING * * *
The kobold hits you but does no damage.
The adder bites you but does no damage. x2
The kobold hits you but does no damage.
The endoplasm hits you but does no damage.
The orc hits you but does no damage. The adder bites you but does no damage.
The adder barely misses you. The kobold hits you but does no damage.
The orc hits you with a +0 war axe.
You die...

#### .... ## # ...
...##.# #. ...
....... .#.. ..
..(.. #.
....##.#.... ##.#
#.#.......#
#...##.....SJ.##
..........o@..### .
#..?.....oSK...#..
###.........o....[..
....................
.......<............
...#............$...
..............#.#.##
.#.#........#####..#
.. #.......## ##


You could see 2 adders, 3 orcs, an endoplasm and a kobold.

Vanquished Creatures
  Terence (D:2)
  3 gnolls (D:3)
  2 adders
  A worm (D:2)
  2 dart slugs
  An orc (D:3)
  3 endoplasms
  6 goblins
  4 hobgoblins
  3 jackals (D:1)
  A quokka (D:1)
  2 ball pythons
  6 bats
  3 frilled lizards
  A kobold (D:2)
  A rat (D:3)
40 creatures vanquished.

Notes
Turn   | Place    | Note
-------+----------+-------------------------------------------
     0 | D:1      | Ge0ff the Gargoyle Monk began the quest for the Orb.
     0 | D:1      | Reached XP level 1. HP: 14/14 MP: 1/1
   220 | D:1      | Reached XP level 2. HP: 19/19 MP: 2/2
   832 | D:2      | Noticed Terence
   834 | D:2      | Reached skill level 1 in Axes
   834 | D:2      | Reached XP level 3. HP: 22/23 MP: 3/3
   842 | D:2      | Killed Terence
  1121 | D:2      | Reached skill level 1 in Armour
  1121 | D:2      | Reached XP level 4. HP: 26/28 MP: 4/4
  1205 | D:2      | Found a faded altar of an unknown god.
  1206 | D:2      | You fall into a shaft and drop 1 floor!
  1511 | D:3      | Reached skill level 4 in Fighting
  1654 | D:2      | Prayed at the altar of an unknown god.
  1654 | D:2      | Became a worshipper of Trog the Wrathful
  1654 | D:2      | Reached * piety under Trog
  1654 | D:2      | Reached ** piety under Trog
  1684 | D:3      | Reached XP level 5. HP: 32/33 MP: 5/5
  1733 | D:4      | Slain by an orc

Illustrated notes

Levels and vault maps discovered:
D:1:      zelgadis_glass_arrival_small, layout_rooms
D:2:      layout_basic, hellmonk_ecumenical_altar_slurped_away,
          grunt_decor_mini_mirrors, uniq_terence, uniq_crazy_yiuf_cottage
D:3:      layout_basic
D:4:      layout_cave_pools, nicolae_shop_firing_range, uniq_grinder

Skill      XL: |  1  2  3  4 |
---------------+-------------+-----
Axes           | 1 2 |  2.6
Armour         | 1 |  1.0
Fighting       | 4 |  4.0
Maces & Flails | |  3.7
Dodging        | |  2.4
Stealth        | |  2.1

Action                   |  1- 3 |  4- 6 || total
-------------------------+-------+-------++-------
Melee: Mace              |    34 |       ||    34
       Hand axe          |    37 |    43 ||    80
  Use: Scroll            |       |     6 ||     6
 Stab: Sleeping          |     2 |       ||     2
Armor: Robe              |    12 |       ||    12
       Plate armour      |    26 |    94 ||   120
Dodge: Dodged            |    45 |    28 ||    73

Table legend: (Time is in decaauts)
 A = Elapsed time spent in this place.
 B = Non-inter-level travel time spent in this place.
 C = Inter-level travel time spent in this place.
 D = Time resting spent in this place.
 E = Time spent auto-exploring this place.
 F = Levels seen in this place.
 G = Mean time per level.
                   A        B        C        D        E       F      G
               +--------+--------+--------+--------+--------+-----+--------+
         Total |   1752 |   1717 |     35 |    208 |   1008 |   4 |  438.0 |
       Dungeon |   1752 |   1717 |     35 |    208 |   1008 |   4 |  438.0 |
               +--------+--------+--------+--------+--------+-----+--------+

Top non-repeatable levels by time:
     D:1: 815 daAuts
     D:2: 492 daAuts
     D:3: 425 daAuts
     D:4: 18 daAuts
